Workbook

Sheet Приложение 1
C1: Приложение 1 к решению Совета депутатов Трофимовщинского сельского поселения Ромодановского муниципального района Республики Мордовия «О внесении изменений в решение Совета депутатов Трофимовщинского сельского поселения Ромодановского муниципального района Республики Мордовия от 26 декабря 2024г. №20"О бюджетеТрофимовщинского сельского поселения Ромодановского муниципального района Республики Мордовия на 2025 и на плановый период 2026 и 2027 годов» Приложение2 к решениюСовета депутатов Трофимовщинского сельского поселения Ромодановского муниципального района Республики Мордовия"О бюджете Трофимовщинского сельского поселения Ромодановского муниципального района Республики Мордовия на 2025год и на плановый период 2026 т 2027 годов"
A6: ОБЪЕМ БЕЗВОЗМЕЗДНЫХ ПОСТУПЛЕНИЙ В БЮДЖЕТ ТРОФИМОВЩИНСКОГО СЕЛЬСКОГО ПОСЕЛЕНИЯ РОМОДАНОВСКОГО МУНИЦИПАЛЬНОГО РАЙОНА РЕСПУБЛИКИ МОРДОВИЯ НА 2025 ГОД И НА ПЛАНОВЫЙ ПЕРИОД 2026 И 2027 ГОДОВ
E7: (тыс. рублей)
A8: Код | B8: Наименование | C8: Сумма
C9: 2025 год | D9: 2026 год | E9: 2027 год
A10: 1 | B10: 2 | C10: 3 | D10: 4 | E10: 5
A11: 2 00 00000 00 0000 000 | B11: БЕЗВОЗМЕЗДНЫЕ ПОСТУПЛЕНИЯ | C11: =C12 -> 1710.2 | D11: =D12 -> 1029.7 | E11: =E12 -> 1018.3
A12: 2 02 00000 00 0000 000 | B12: Безвозмездные поступления от других бюджетов бюджетной системы Российской Федерации | C12: =C13+C21+C26+C18 -> 1710.2 | D12: =D13+D21+D26 -> 1029.7 | E12: =E13+E21+E26 -> 1018.3
A13: 2 02 10000 00 0000 150 | B13: Дотации бюджетам бюджетной системы Российской Федерации | C13: =C14+C16 -> 1047.4 | D13: =D14 -> 620.2 | E13: =E14 -> 592.4
A14: 2 02 15001 00 0000 150 | B14: Дотации на выравнивание бюджетной обеспеченности | C14: =C15 -> 760.2 | D14: =D15 -> 620.2 | E14: =E15 -> 592.4
A15: 2 02 15001 10 0000 150 | B15: Дотации бюджетам сельских поселений на выравнивание бюджетной обеспеченности из бюджета субъекта Российской Федерации | C15: 760.2 | D15: 620.2 | E15: 592.4
A16: 2 02 15002 00 0000 150 | B16: Дотация бюджетам на поддержку мер по обеспечению сбалансированности бюджетов | C16: =C17 -> 287.2
A17: 2 02 15002 10 0000 150 | B17: Дотации бюджетам сельских поселений на поддержку мер по обеспечению сбалансированности бюджетов | C17: 287.2
A18: 2 02 20000 00 0000 150 | B18: Субсидии бюджетам бюджетной системы Российской Федерации (межбюджетные субсидии) | C18: =C19 -> 280.1
A19: 2 02 29999 00 0000 150 | B19: Прочие субсидии | C19: =C20 -> 280.1
A20: 2 02 29999 10 0000 150 | B20: Прочие субсидии бюджетам сельских поселений | C20: 280.1
A21: 2 02 30000 00 0000 150 | B21: Субвенции бюджетам бюджетной системы Российской Федерации | C21: =C22+C24 -> 160.7 | D21: =D22+D24 -> 174.5 | E21: =E22+E24 -> 180.9
A22: 2 02 30024 00 0000 150 | B22: Субвенции местным бюджетам на выполнение передаваемых полномочий субъектов Российской Федерации | C22: =C23 -> 0.6 | D22: =D23 -> 0.6 | E22: =E23 -> 0.7
A23: 2 02 30024 10 0000 150 | B23: Субвенции бюджетам сельских поселений на выполнение передаваемых полномочий субъектов Российской Федерации | C23: 0.6 | D23: 0.6 | E23: 0.7
A24: 2 02 35118 00 0000 150 | B24: Субвенции бюджетам на осуществление первичного воинского учета органами местного самоуправлегия поселений,муниципальных и городских округов | C24: =C25 -> 160.1 | D24: =D25 -> 173.9 | E24: =E25 -> 180.2
A25: 2 02 35118 10 0000 150 | B25: Субвенции бюджетам сельских поселений на осуществление первичного воинского учета органами местного самоуправлегия поселений,муниципальных и городских округов | C25: 160.1 | D25: 173.9 | E25: 180.2
A26: 2 02 40000 00 0000 150 | B26: Иные межбюджетные трансферты | C26: =C27 -> 222 | D26: =D27 -> 235 | E26: =E27 -> 245
A27: 2 02 40014 00 0000 150 | B27: Межбюджетные трансферты, передаваемые бюджетам муниципальных образований на осуществление части полномочий по решению вопросов местного значения в соответствии с заключенными соглашениями | C27: =C28 -> 222 | D27: =D28 -> 235 | E27: =E28 -> 245
A28: 2 02 40014 10 0000 150 | B28: Межбюджетные трансферты, передаваемые бюджетам сельских поселений из бюджетов муниципальных районов на осуществление части полномочий по решению вопросов местного значения в соответствии с заключенными соглашениями | C28: 222 | D28: 235 | E28: 245

Sheet Приложение 2
I1: Приложение 2 к решению Совета депутатов Трофимовщинского сельского поселения Ромодановского муниципального района Республики Мордовия «О внесении изменений в решение Совета депутатов Трофимовщинского сельского поселения Ромодановского муниципального района Республики Мордовия от 26 декабря 2024г. №20"О бюджетеТрофимовщинского сельского поселения Ромодановского муниципального района Республики Мордовия на 2025 и на плановый период 2026 и 2027 годов» Приложение3 к решениюСовета депутатов Трофимовщинского сельского поселения Ромодановского муниципального района Республики Мордовия"О бюджете Трофимовщинского сельского поселения Ромодановского муниципального района Республики Мордовия на 2025год и на плановый период 2026 т 2027 годов"
A2: ВЕДОМСТВЕННАЯ СТРУКТУРА РАСХОДОВ БЮДЖЕТА ТРОФИМОВЩИНСКОГО СЕЛЬСКОГО ПОСЕЛЕНИЯ РОМОДАНОВСКОГО МУНИЦИПАЛЬНОГО РАЙОНА РЕСПУБЛИКИ МОРДОВИЯ НА 2025 ГОД И НА ПЛАНОВЫЙ ПЕРИОД 2026 И 2027 ГОДОВ
I3: (тыс. рублей)
A4: Наименование | B4: Адм | C4: Рз | D4: Прз | E4: Цср | I4: Вр | J4: Сумма
J5: 2025 год | K5: 2026 год | L5: 2027 год
A6: 1 | B6: 2 | C6: 3 | D6: 4 | E6: 5 | F6: 6 | G6: 7 | H6: 8 | I6: 9 | J6: 10 | K6: 11 | L6: 12
A7: Администрация Трофимовщинского сельского поселения Ромодановского муниципального района Республики Мордовия | B7: 924 | J7: =J8+J49+J58+J71+J78+J92+J85 -> 2649.6 | K7: =K8+K49+K58+K71+K78+K92+K85 -> 1859.4 | L7: =L8+L49+L58+L71+L78+L92+L85 -> 1856.7
A8: Общегосударственные вопросы | B8: 924 | C8: 01 | J8: =J9+J18+J37+J43 -> 1962.1 | K8: =K9+K18+K37 -> 1141 | L8: =L9+L18+L37 -> 1102.5
A9: Функционирование высшего должностного лица субъекта Российской Федерации и муниципального образования | B9: 924 | C9: 01 | D9: 02 | J9: =J10 -> 650.1 | K9: =K10 -> 347.1 | L9: =L10 -> 303.5
A10: Обеспечение деятельности Администрации Трофимовщинского сельского поселения Ромодановского муниципального района Республики Мордовия | B10: 924 | C10: 01 | D10: 02 | E10: 65 | J10: =J11 -> 650.1 | K10: =K11 -> 347.1 | L10: =L11 -> 303.5
A11: Высшее должностное лицо | B11: 924 | C11: 01 | D11: 02 | E11: 65 | F11: 1 | J11: =J12+J15 -> 650.1 | K11: =K12 -> 347.1 | L11: =L12 -> 303.5
A12: Расходы на выплаты по оплате труда высшего должностного лица | B12: 924 | C12: 01 | D12: 02 | E12: 65 | F12: 1 | G12: 00 | H12: 41150 | J12: =J13 -> 546.6 | K12: =K13 -> 347.1 | L12: =L13 -> 303.5
A13: Расходы на выплаты персоналу в целях обеспечения выполнения функций государственными (муниципальными) органами, казенными учреждениями, органами управления государственными внебюджетными фондами | B13: 924 | C13: 01 | D13: 02 | E13: 65 | F13: 1 | G13: 00 | H13: 41150 | I13: 100 | J13: =J14 -> 546.6 | K13: =K14 -> 347.1 | L13: =L14 -> 303.5
A14: Расходы на выплаты персоналу государственных (муниципальных) органов | B14: 924 | C14: 01 | D14: 02 | E14: 65 | F14: 1 | G14: 00 | H14: 41150 | I14: 120 | J14: 546.6 | K14: 347.1 | L14: 303.5
A15: Субсидии на со финансирование расходных обязательств по финансовому обеспечению деятельности органов местного самоуправления и муниципальных учреждений | B15: 924 | C15: 01 | D15: 02 | E15: 65 | F15: 1 | G15: 00 | H15: 44205 | J15: =J16 -> 103.5 | K15: =K16 -> 0 | L15: =L16 -> 0
A16: =A13 -> Расходы на выплаты персоналу в целях обеспечения выполнения функций государственными (муниципальными) органами, казенными учреждениями, органами управления государственными внебюджетными фондами | B16: 924 | C16: 01 | D16: 02 | E16: 65 | F16: 1 | G16: 00 | H16: 44205 | I16: 100 | J16: =J17 -> 103.5 | K16: =K17 -> 0 | L16: =L17 -> 0
A17: =A14 -> Расходы на выплаты персоналу государственных (муниципальных) органов | B17: 924 | C17: 01 | D17: 02 | E17: 65 | F17: 1 | G17: 00 | H17: 44205 | I17: 120 | J17: 103.5 | K17: 0 | L17: 0
A18: Функционирование Правительства Российской Федерации, высших исполнительных органов субъектов Российской Федерации, местных администраций | B18: 924 | C18: 01 | D18: 04 | J18: =J19+J32 -> 1289 | K18: =K19+K32 -> 788.9 | L18: =L19+L32 -> 794
A19: =A10 -> Обеспечение деятельности Администрации Трофимовщинского сельского поселения Ромодановского муниципального района Республики Мордовия | B19: 924 | C19: 01 | D19: 04 | E19: 65 | J19: =J20 -> 1288.4 | K19: =K20 -> 788.3 | L19: =L20 -> 793.3
A20: Расходы в рамках обеспечения деятельности Администрации Трофимовщинского сельского поселения | B20: 924 | C20: 01 | D20: 04 | E20: 65 | F20: 2 | J20: =J21+J24+J29 -> 1288.4 | K20: =K21+K24 -> 788.3 | L20: =L21+L24 -> 793.3
A21: Расходы на выплаты по оплате труда работников органов местного самоуправления | B21: 924 | C21: 01 | D21: 04 | E21: 65 | F21: 2 | G21: 00 | H21: 41110 | J21: =J22 -> 843.5 | K21: =K22 -> 716.1 | L21: =L22 -> 716.1
A22: Расходы на выплаты персоналу в целях обеспечения выполнения функций государственными (муниципальными) органами, казенными учреждениями, органами управления государственными внебюджетными фондами | B22: 924 | C22: 01 | D22: 04 | E22: 65 | F22: 2 | G22: 00 | H22: 41110 | I22: 100 | J22: =J23 -> 843.5 | K22: =K23 -> 716.1 | L22: =L23 -> 716.1
A23: Расходы на выплаты персоналу государственных (муниципальных) органов | B23: 924 | C23: 01 | D23: 04 | E23: 65 | F23: 2 | G23: 00 | H23: 41110 | I23: 120 | J23: 843.5 | K23: 716.1 | L23: 716.1
A24: Расходы на обеспечение выполнения функций органов местного самоуправления | B24: 924 | C24: 01 | D24: 04 | E24: 65 | F24: 2 | G24: 00 | H24: 41120 | J24: =J25+J27 -> 265.5 | K24: =+K25+K27 -> 72.2 | L24: =+L25+L27 -> 77.2
A25: Закупка товаров, работ и услуг для обеспечения государственных (муниципальных) нужд | B25: 924 | C25: 01 | D25: 04 | E25: 65 | F25: 2 | G25: 00 | H25: 41120 | I25: 200 | J25: =J26 -> 265.4 | K25: =K26 -> 70.2 | L25: =L26 -> 75.2
A26: Иные закупки товаров, работ и услуг для обеспечения государственных (муниципальных) нужд | B26: 924 | C26: 01 | D26: 04 | E26: 65 | F26: 2 | G26: 00 | H26: 41120 | I26: 240 | J26: 265.4 | K26: 70.2 | L26: 75.2
A27: Иные бюджетные ассигнования | B27: 924 | C27: 01 | D27: 04 | E27: 65 | F27: 2 | G27: 00 | H27: 41120 | I27: 800 | J27: =J28 -> 0.1 | K27: =K28 -> 2 | L27: =L28 -> 2
A28: Уплата налогов, сборов и иных платежей | B28: 924 | C28: 01 | D28: 04 | E28: 65 | F28: 2 | G28: 00 | H28: 41120 | I28: 850 | J28: 0.1 | K28: 2 | L28: 2
A29: =A15 -> Субсидии на со финансирование расходных обязательств по финансовому обеспечению деятельности органов местного самоуправления и муниципальных учреждений | B29: 924 | C29: 01 | D29: 04 | E29: 65 | F29: 2 | G29: 00 | H29: 44205 | J29: =J30 -> 179.4
A30: =A22 -> Расходы на выплаты персоналу в целях обеспечения выполнения функций государственными (муниципальными) органами, казенными учреждениями, органами управления государственными внебюджетными фондами | B30: 924 | C30: 01 | D30: 04 | E30: 65 | F30: 2 | G30: 00 | H30: 44205 | I30: 100 | J30: =J31 -> 179.4
A31: =A23 -> Расходы на выплаты персоналу государственных (муниципальных) органов | B31: 924 | C31: 01 | D31: 04 | E31: 65 | F31: 2 | G31: 00 | H31: 44205 | I31: 120 | J31: 179.4
A32: Непрограммные расходы главных распорядителей средств бюджета Трофимовщинского сельского поселения Ромодановского муниципального района Республики Мордовия | B32: 924 | C32: 01 | D32: 04 | E32: 89 | J32: =J33 -> 0.6 | K32: =K33 -> 0.6 | L32: =L33 -> 0.7
A33: Непрограммные расходы в рамках обеспечения деятельности главных распорядителей средств бюджета Трофимовщинского сельского поселения Ромодановского муниципального района Республики Мордовия | B33: 924 | C33: 01 | D33: 04 | E33: 89 | F33: 1 | J33: =J34 -> 0.6 | K33: =K34 -> 0.6 | L33: =L34 -> 0.7
A34: Осуществление государственных полномочий Республики Мордовия по определению перечня должностных лиц, уполномоченных составлять протоколы об административных правонарушениях, предусмотренных Законом Республики Мордовия от 15 июня 2015 года № 38-З "Об административной ответственности на территории Республики Мордовия" | B34: 924 | C34: 01 | D34: 04 | E34: 89 | F34: 1 | G34: 00 | H34: 77150 | J34: =J35 -> 0.6 | K34: =K35 -> 0.6 | L34: =L35 -> 0.7
A35: Закупка товаров, работ и услуг для обеспечения государственных (муниципальных) нужд | B35: 924 | C35: 01 | D35: 04 | E35: 89 | F35: 1 | G35: 00 | H35: 77150 | I35: 200 | J35: =J36 -> 0.6 | K35: =K36 -> 0.6 | L35: =L36 -> 0.7
A36: Иные закупки товаров, работ и услуг для обеспечения государственных (муниципальных) нужд | B36: 924 | C36: 01 | D36: 04 | E36: 89 | F36: 1 | G36: 00 | H36: 77150 | I36: 240 | J36: 0.6 | K36: 0.6 | L36: 0.7
A37: Резервные фонды | B37: 924 | C37: 01 | D37: 11 | J37: =J38 -> 5 | K37: =K38 -> 5 | L37: =L38 -> 5
A38: =A32 -> Непрограммные расходы главных распорядителей средств бюджета Трофимовщинского сельского поселения Ромодановского муниципального района Республики Мордовия | B38: 924 | C38: 01 | D38: 11 | E38: 89 | J38: =J39 -> 5 | K38: =K39 -> 5 | L38: =L39 -> 5
A39: =A33 -> Непрограммные расходы в рамках обеспечения деятельности главных распорядителей средств бюджета Трофимовщинского сельского поселения Ромодановского муниципального района Республики Мордовия | B39: 924 | C39: 01 | D39: 11 | E39: 89 | F39: 1 | J39: =J40 -> 5 | K39: =K40 -> 5 | L39: =L40 -> 5
A40: Резервный фонд администрации Трофимовщинского сельского поселени Ромодановского муниципального района Республики Мордовия | B40: 924 | C40: 01 | D40: 11 | E40: 89 | F40: 1 | G40: 00 | H40: 41180 | J40: =J42 -> 5 | K40: =K42 -> 5 | L40: =L42 -> 5
A41: Иные бюджетные ассигнования | B41: 924 | C41: 01 | D41: 11 | E41: 89 | F41: 1 | G41: 00 | H41: 41180 | I41: 800 | J41: =J42 -> 5 | K41: =K42 -> 5 | L41: =L42 -> 5
A42: Резервные средства | B42: 924 | C42: 01 | D42: 11 | E42: 89 | F42: 1 | G42: 00 | H42: 41180 | I42: 870 | J42: 5 | K42: 5 | L42: 5
A43: Другие общегосударственные вопросы | B43: 924 | C43: 01 | D43: 13 | J43: =J44 -> 18
A44: =A38 -> Непрограммные расходы главных распорядителей средств бюджета Трофимовщинского сельского поселения Ромодановского муниципального района Республики Мордовия | B44: 924 | C44: 01 | D44: 13 | E44: 89 | J44: =J45 -> 18
A45: =A39 -> Непрограммные расходы в рамках обеспечения деятельности главных распорядителей средств бюджета Трофимовщинского сельского поселения Ромодановского муниципального района Республики Мордовия | B45: 924 | C45: 01 | D45: 13 | E45: 89 | F45: 1 | J45: =J46 -> 18
A46: Мероприятия связанные с муниципальным управлением | B46: 924 | C46: 01 | D46: 13 | E46: 89 | F46: 1 | G46: 00 | H46: 41210 | J46: =J47 -> 18
A47: =A41 -> Иные бюджетные ассигнования | B47: 924 | C47: 01 | D47: 13 | E47: 89 | F47: 1 | G47: 00 | H47: 41210 | I47: 800 | J47: =J48 -> 18
A48: =A28 -> Уплата налогов, сборов и иных платежей | B48: 924 | C48: 01 | D48: 13 | E48: 89 | F48: 1 | G48: 00 | H48: 41210 | I48: 850 | J48: 18
A49: Национальная оборона | B49: 924 | C49: 02 | J49: =J50 -> 160.1 | K49: =K50 -> 173.9 | L49: =L50 -> 180.2
A50: Мобилизационная и вневойсковая подготовка | B50: 924 | C50: 02 | D50: 03 | J50: =J51 -> 160.1 | K50: =K51 -> 173.9 | L50: =L51 -> 180.2
A51: =A38 -> Непрограммные расходы главных распорядителей средств бюджета Трофимовщинского сельского поселения Ромодановского муниципального района Республики Мордовия | B51: 924 | C51: 02 | D51: 03 | E51: 89 | J51: =J52 -> 160.1 | K51: =K52 -> 173.9 | L51: =L52 -> 180.2
A52: =A39 -> Непрограммные расходы в рамках обеспечения деятельности главных распорядителей средств бюджета Трофимовщинского сельского поселения Ромодановского муниципального района Республики Мордовия | B52: 924 | C52: 02 | D52: 03 | E52: 89 | F52: 1 | J52: =J53 -> 160.1 | K52: =K53 -> 173.9 | L52: =L53 -> 180.2
A53: Осуществление государственных полномочий Российской Федерации по воинскому учету в поселениях, на территориях которых отсутствуют структурные подразделения военных комиссариатов | B53: 924 | C53: 02 | D53: 03 | E53: 89 | F53: 1 | G53: 00 | H53: 51180 | J53: =J56+J54 -> 160.1 | K53: =K56+K54 -> 173.9 | L53: =L56+L54 -> 180.2
A54: Расходы на выплаты персоналу в целях обеспечения выполнения функций государственными (муниципальными) органами, казенными учреждениями, органами управления государственными внебюджетными фондами | B54: 924 | C54: 02 | D54: 03 | E54: 89 | F54: 1 | G54: 00 | H54: 51180 | I54: 100 | J54: =J55 -> 157.1 | K54: =K55 -> 169.9 | L54: =L55 -> 176.2
A55: Расходы на выплаты персоналу государственных (муниципальных) органов | B55: 924 | C55: 02 | D55: 03 | E55: 89 | F55: 1 | G55: 00 | H55: 51180 | I55: 120 | J55: 157.1 | K55: 169.9 | L55: 176.2
A56: Закупка товаров, работ и услуг для обеспечения государственных (муниципальных) нужд | B56: 924 | C56: 02 | D56: 03 | E56: 89 | F56: 1 | G56: 00 | H56: 51180 | I56: 200 | J56: =J57 -> 3 | K56: =K57 -> 4 | L56: =L57 -> 4
A57: Иные закупки товаров, работ и услуг для обеспечения государственных (муниципальных) нужд | B57: 924 | C57: 02 | D57: 03 | E57: 89 | F57: 1 | G57: 00 | H57: 51180 | I57: 240 | J57: 3 | K57: 4 | L57: 4
A58: Национальная экономика | B58: 924 | C58: 04 | J58: =J59+J65 -> 262 | K58: =K59 -> 235 | L58: =L59 -> 245
A59: Дорожное хозяйство (дорожные фонды) | B59: 924 | C59: 04 | D59: 09 | J59: =J60 -> 222 | K59: =K60 -> 235 | L59: =L60 -> 245
A60: Муниципальная программа «Комплексного развития транспортной инфраструктуры Трофимовщинского сельского поселения Ромодановского муниципального района Республики Мордовия на 2018- 2030 года" | B60: 924 | C60: 04 | D60: 09 | E60: 13 | J60: =J62 -> 222 | K60: =K62 -> 235 | L60: =L62 -> 245
A61: Основное мероприятие "Ремонт и содержание автомобильных дорог общего пользования в границах поселения, поддержание дорожного полотна в работоспособном состоянии" | B61: 924 | C61: 04 | D61: 09 | E61: 13 | F61: 0 | G61: 01 | J61: =J62 -> 222 | K61: =K62 -> 235 | L61: =L62 -> 245
A62: Иные межбюджетные трансферты на осуществление полномочий по дорожной деятельности в отношении автомобильных дорог местного значения в границах населенных пунктов поселения и обеспечению безопасности дорожного движения на них, включая создание и обеспечение функционирования парковок (парковочных мест), осуществлению муниципального контроля на автомобильном транспорте, городском наземном электрическом транспорте и в дорожном хозяйстве в границах населенных пунктов поселения, организации дорожного движения, а также осуществлению иных полномочий в области использования автомобильных дорог и осуществления дорожной деятельности в соответствии с законодательством Российской Федерации | B62: 924 | C62: 04 | D62: 09 | E62: 13 | F62: 0 | G62: 01 | H62: 9Д184 | J62: =J63 -> 222 | K62: =K63 -> 235 | L62: =L63 -> 245
A63: Закупка товаров, работ и услуг для обеспечения государственных (муниципальных) нужд | B63: 924 | C63: 04 | D63: 09 | E63: 13 | F63: 0 | G63: 01 | H63: 9Д184 | I63: 200 | J63: =J64 -> 222 | K63: =K64 -> 235 | L63: =L64 -> 245
A64: Иные закупки товаров, работ и услуг для обеспечения государственных (муниципальных) нужд | B64: 924 | C64: 04 | D64: 09 | E64: 13 | F64: 0 | G64: 01 | H64: 9Д184 | I64: 240 | J64: 222 | K64: 235 | L64: 245
A65: Другие вопросы в облости национальной экономики | B65: 924 | C65: 04 | D65: 12 | J65: =J66 -> 40
A66: =A51 -> Непрограммные расходы главных распорядителей средств бюджета Трофимовщинского сельского поселения Ромодановского муниципального района Республики Мордовия | B66: 924 | C66: 04 | D66: 12 | E66: 89 | J66: =J67 -> 40
A67: =A52 -> Непрограммные расходы в рамках обеспечения деятельности главных распорядителей средств бюджета Трофимовщинского сельского поселения Ромодановского муниципального района Республики Мордовия | B67: 924 | C67: 04 | D67: 12 | E67: 89 | F67: 1 | J67: =J68 -> 40
A68: Мероприятия по землеустройству и землепользованию | B68: 924 | C68: 04 | D68: 12 | E68: 89 | F68: 1 | G68: 00 | H68: 42370 | J68: =J69 -> 40
A69: =A63 -> Закупка товаров, работ и услуг для обеспечения государственных (муниципальных) нужд | B69: 924 | C69: 04 | D69: 12 | E69: 89 | F69: 1 | G69: 00 | H69: 42370 | I69: 200 | J69: =J70 -> 40
A70: =A64 -> Иные закупки товаров, работ и услуг для обеспечения государственных (муниципальных) нужд | B70: 924 | C70: 04 | D70: 12 | E70: 89 | F70: 1 | G70: 00 | H70: 42370 | I70: 240 | J70: 40
A71: Жилищно-коммунальное хозяйство | B71: 924 | C71: 05 | J71: =J72 -> 0.9 | K71: =K72 -> 34 | L71: =L72 -> 10
A72: Благоустройство | B72: 924 | C72: 05 | D72: 03 | J72: =J73 -> 0.9 | K72: =K73 -> 34 | L72: =L73 -> 10
A73: Муниципальная программа комплексного развития социальной инфраструктуры Трофимовщинского сельского поселения Ромодановского муниципального района Республики Мордовия на 2018-2030 года | B73: 924 | C73: 05 | D73: 03 | E73: 10 | J73: =J74 -> 0.9 | K73: =K74 -> 34 | L73: =L74 -> 10
A74: Основное мероприятие "Освещение территории сельского поселения " | B74: 924 | C74: 05 | D74: 03 | E74: 10 | F74: 0 | G74: 08 | J74: =J75 -> 0.9 | K74: =K75 -> 34 | L74: =L75 -> 10
A75: Уличное освещение | B75: 924 | C75: 05 | D75: 03 | E75: 10 | F75: 0 | G75: 08 | H75: 43010 | J75: =J76 -> 0.9 | K75: =K76 -> 34 | L75: =L76 -> 10
A76: Закупка товаров, работ и услуг для обеспечения государственных (муниципальных) нужд | B76: 924 | C76: 05 | D76: 03 | E76: 10 | F76: 0 | G76: 08 | H76: 43010 | I76: 200 | J76: =J77 -> 0.9 | K76: =K77 -> 34 | L76: =L77 -> 10
A77: Иные закупки товаров, работ и услуг для обеспечения государственных (муниципальных) нужд | B77: 924 | C77: 05 | D77: 03 | E77: 10 | F77: 0 | G77: 08 | H77: 43010 | I77: 240 | J77: 0.9 | K77: 34 | L77: 10
A78: Социальная политика | B78: 924 | C78: 10 | J78: =J80 -> 263.2 | K78: =K80 -> 230.7 | L78: =L80 -> 230.7
A79: Пенсионное обеспечение | B79: 924 | C79: 10 | D79: 01 | J79: =J81 -> 263.2 | K79: =K81 -> 230.7 | L79: =L81 -> 230.7
A80: =A38 -> Непрограммные расходы главных распорядителей средств бюджета Трофимовщинского сельского поселения Ромодановского муниципального района Республики Мордовия | B80: 924 | C80: 10 | D80: 01 | E80: 89 | J80: =J81 -> 263.2 | K80: =K81 -> 230.7 | L80: =L81 -> 230.7
A81: =A33 -> Непрограммные расходы в рамках обеспечения деятельности главных распорядителей средств бюджета Трофимовщинского сельского поселения Ромодановского муниципального района Республики Мордовия | B81: 924 | C81: 10 | D81: 01 | E81: 89 | F81: 1 | J81: =J82 -> 263.2 | K81: =K82 -> 230.7 | L81: =L82 -> 230.7
A82: Доплаты к пенсиям муниципальных служащих Республики Мордовия | B82: 924 | C82: 10 | D82: 01 | E82: 89 | F82: 1 | G82: 00 | H82: 03010 | J82: =J83 -> 263.2 | K82: =K83 -> 230.7 | L82: =L83 -> 230.7
A83: Социальное обеспечение и иные выплаты населению | B83: 924 | C83: 10 | D83: 01 | E83: 89 | F83: 1 | G83: 00 | H83: 03010 | I83: 300 | J83: =J84 -> 263.2 | K83: =K84 -> 230.7 | L83: =L84 -> 230.7
A84: Публичные нормативные социальные выплаты гражданам | B84: 924 | C84: 10 | D84: 01 | E84: 89 | F84: 1 | G84: 00 | H84: 03010 | I84: 310 | J84: 263.2 | K84: 230.7 | L84: 230.7
A85: Обслуживание государственного (муниципального)долга | B85: 924 | C85: 13 | J85: =J86 -> 1.3 | K85: =K86 -> 1.3 | L85: =L86 -> 1.2
A86: Обслуживание государственного (муниципального)внутреннего долга | B86: 924 | C86: 13 | D86: 01 | J86: =J87 -> 1.3 | K86: =K87 -> 1.3 | L86: =L87 -> 1.2
A87: =A80 -> Непрограммные расходы главных распорядителей средств бюджета Трофимовщинского сельского поселения Ромодановского муниципального района Республики Мордовия | B87: 924 | C87: 13 | D87: 01 | E87: 89 | J87: =J88 -> 1.3 | K87: =K88 -> 1.3 | L87: =L88 -> 1.2
A88: =A81 -> Непрограммные расходы в рамках обеспечения деятельности главных распорядителей средств бюджета Трофимовщинского сельского поселения Ромодановского муниципального района Республики Мордовия | B88: 924 | C88: 13 | D88: 01 | E88: 89 | F88: 1 | J88: =J89 -> 1.3 | K88: =K89 -> 1.3 | L88: =L89 -> 1.2
A89: Процентные платежи по муниципальному долгу | B89: 924 | C89: 13 | D89: 01 | E89: 89 | F89: 1 | G89: 00 | H89: 41240 | J89: =J90 -> 1.3 | K89: =K90 -> 1.3 | L89: =L90 -> 1.2
A90: Обслуживание государственного (муниципального)долга | B90: 924 | C90: 13 | D90: 01 | E90: 89 | F90: 1 | G90: 00 | H90: 41240 | I90: 700 | J90: =J91 -> 1.3 | K90: =K91 -> 1.3 | L90: =L91 -> 1.2
A91: Обслуживание муниципального долга | B91: 924 | C91: 13 | D91: 01 | E91: 89 | F91: 1 | G91: 00 | H91: 41240 | I91: 730 | J91: 1.3 | K91: 1.3 | L91: 1.2
A92: Условно утвержденные расходы | B92: 924 | C92: 99 | J92: =J93 -> 0 | K92: =K93 -> 43.5 | L92: =L93 -> 87.1
A93: Условно утвержденные расходы | B93: 924 | C93: 99 | D93: 99 | J93: =J94 -> 0 | K93: =K94 -> 43.5 | L93: =L94 -> 87.1
A94: =A10 -> Обеспечение деятельности Администрации Трофимовщинского сельского поселения Ромодановского муниципального района Республики Мордовия | B94: 924 | C94: 99 | D94: 99 | E94: 65 | J94: =J95 -> 0 | K94: =K95 -> 43.5 | L94: =L95 -> 87.1
A95: Высшее должностное лицо | B95: 924 | C95: 99 | D95: 99 | E95: 65 | F95: 1 | J95: =J96 -> 0 | K95: =K96 -> 43.5 | L95: =L96 -> 87.1
A96: Условно утвержденные расходы | B96: 924 | C96: 99 | D96: 99 | E96: 65 | F96: 1 | G96: 00 | H96: 41990 | J96: =J97 -> 0 | K96: =K97 -> 43.5 | L96: =L97 -> 87.1
A97: Иные бюджетные ассигнования | B97: 924 | C97: 99 | D97: 99 | E97: 65 | F97: 1 | G97: 00 | H97: 41990 | I97: 800 | J97: =J98 -> 0 | K97: =K98 -> 43.5 | L97: =L98 -> 87.1
A98: Резервные средства | B98: 924 | C98: 99 | D98: 99 | E98: 65 | F98: 1 | G98: 00 | H98: 41990 | I98: 870 | J98: 0 | K98: 43.5 | L98: 87.1

Sheet Приложение 3
H1: Приложение 3 к решению Совета депутатов Трофимовщинского сельского поселения Ромодановского муниципального района Республики Мордовия «О внесении изменений в решение Совета депутатов Трофимовщинского сельского поселения Ромодановского муниципального района Республики Мордовия от 26 декабря 2024г. №20"О бюджетеТрофимовщинского сельского поселения Ромодановского муниципального района Республики Мордовия на 2025 и на плановый период 2026 и 2027 годов» Приложение4 к решениюСовета депутатов Трофимовщинского сельского поселения Ромодановского муниципального района Республики Мордовия"О бюджете Трофимовщинского сельского поселения Ромодановского муниципального района Республики Мордовия на 2025год и на плановый период 2026 т 2027 годов"
A2: РАСПРЕДЕЛЕНИЕ БЮДЖЕТНЫХ АССИГНОВАНИЙ БЮДЖЕТА ТРОФИМОВЩИНСКОГО СЕЛЬСКОГО ПОСЕЛЕНИЯ РОМОДАНОВСКОГО МУНИЦИПАЛЬНОГО РАЙОНА РЕСПУБЛИКИ МОРДОВИЯ ПО РАЗДЕЛАМ, ПОДРАЗДЕЛАМ, ЦЕЛЕВЫМ СТАТЬЯМ (МУНИЦИПАЛЬНЫМ ПРОГРАММАМ И НЕПРОГРАММНЫМ НАПРАВЛЕНИЯМ ДЕЯТЕЛЬНОСТИ), ГРУППАМ на 2025 ГОД И НА ПЛАНОВЫЙ ПЕРИОД 2026 И 2027 ГОДОВ
H3: (тыс. рублей)
A4: Наименование | B4: Рз | C4: Прз | D4: Цср | H4: Вр | I4: Сумма
I5: 2025 год | J5: 2026 год | K5: 2027 год
A6: 1 | B6: 2 | C6: 3 | D6: 4 | E6: 5 | F6: 6 | G6: 7 | H6: 8 | I6: 9 | J6: 10 | K6: 11
A7: ВСЕГО | I7: =I8+I49+I58+I71+I78+I85 -> 2649.6 | J7: =J8+J49+J58+J71+J78+J92+J85 -> 1859.4 | K7: =K8+K49+K58+K71+K78+K92+K85 -> 1856.7
A8: Общегосударственные вопросы | B8: 01 | I8: =I9+I18+I37+I43 -> 1962.1 | J8: =J9+J18+J37 -> 1141 | K8: =K9+K18+K37 -> 1102.5
A9: Функционирование высшего должностного лица субъекта Российской Федерации и муниципального образования | B9: 01 | C9: 02 | I9: =I10 -> 650.1 | J9: =J10 -> 347.1 | K9: =K10 -> 303.5
A10: ='Приложение 2'!A10 -> Обеспечение деятельности Администрации Трофимовщинского сельского поселения Ромодановского муниципального района Республики Мордовия | B10: 01 | C10: 02 | D10: 65 | I10: =I11 -> 650.1 | J10: =J11 -> 347.1 | K10: =K11 -> 303.5
A11: Высшее должностное лицо | B11: 01 | C11: 02 | D11: 65 | E11: 1 | I11: =I12+I15 -> 650.1 | J11: =J12 -> 347.1 | K11: =K12 -> 303.5
A12: Расходы на выплаты по оплате труда высшего должностного лица | B12: 01 | C12: 02 | D12: 65 | E12: 1 | F12: 00 | G12: 41150 | I12: =I13 -> 546.6 | J12: =J13 -> 347.1 | K12: =K13 -> 303.5
A13: Расходы на выплаты персоналу в целях обеспечения выполнения функций государственными (муниципальными) органами, казенными учреждениями, органами управления государственными внебюджетными фондами | B13: 01 | C13: 02 | D13: 65 | E13: 1 | F13: 00 | G13: 41150 | H13: 100 | I13: =I14 -> 546.6 | J13: =J14 -> 347.1 | K13: =K14 -> 303.5
A14: Расходы на выплаты персоналу государственных (муниципальных) органов | B14: 01 | C14: 02 | D14: 65 | E14: 1 | F14: 00 | G14: 41150 | H14: 120 | I14: ='Приложение 2'!J14 -> 546.6 | J14: ='Приложение 2'!K14 -> 347.1 | K14: ='Приложение 2'!L14 -> 303.5
A15: ='Приложение 2'!A15 -> Субсидии на со финансирование расходных обязательств по финансовому обеспечению деятельности органов местного самоуправления и муниципальных учреждений | B15: 01 | C15: 02 | D15: 65 | E15: 1 | F15: 00 | G15: 44205 | I15: =I16 -> 103.5
A16: =A13 -> Расходы на выплаты персоналу в целях обеспечения выполнения функций государственными (муниципальными) органами, казенными учреждениями, органами управления государственными внебюджетными фондами | B16: 01 | C16: 02 | D16: 65 | E16: 1 | F16: 00 | G16: 44205 | H16: 100 | I16: =I17 -> 103.5
A17: =A14 -> Расходы на выплаты персоналу государственных (муниципальных) органов | B17: 01 | C17: 02 | D17: 65 | E17: 1 | F17: 00 | G17: 44205 | H17: 120 | I17: ='Приложение 2'!J17 -> 103.5
A18: ='Приложение 2'!A18 -> Функционирование Правительства Российской Федерации, высших исполнительных органов субъектов Российской Федерации, местных администраций | B18: 01 | C18: 04 | I18: =I19+I32 -> 1289 | J18: =J19+J32 -> 788.9 | K18: =K19+K32 -> 794
A19: =A10 -> Обеспечение деятельности Администрации Трофимовщинского сельского поселения Ромодановского муниципального района Республики Мордовия | B19: 01 | C19: 04 | D19: 65 | I19: =I20+I29 -> 1288.4 | J19: =J20 -> 788.3 | K19: =K20 -> 793.3
A20: ='Приложение 2'!A20 -> Расходы в рамках обеспечения деятельности Администрации Трофимовщинского сельского поселения | B20: 01 | C20: 04 | D20: 65 | E20: 2 | I20: =I21+I24 -> 1109 | J20: =J21+J24 -> 788.3 | K20: =K21+K24 -> 793.3
A21: Расходы на выплаты по оплате труда работников органов местного самоуправления | B21: 01 | C21: 04 | D21: 65 | E21: 2 | F21: 00 | G21: 41110 | I21: =I22 -> 843.5 | J21: =J22 -> 716.1 | K21: =K22 -> 716.1
A22: Расходы на выплаты персоналу в целях обеспечения выполнения функций государственными (муниципальными) органами, казенными учреждениями, органами управления государственными внебюджетными фондами | B22: 01 | C22: 04 | D22: 65 | E22: 2 | F22: 00 | G22: 41110 | H22: 100 | I22: =I23 -> 843.5 | J22: =J23 -> 716.1 | K22: =K23 -> 716.1
A23: Расходы на выплаты персоналу государственных (муниципальных) органов | B23: 01 | C23: 04 | D23: 65 | E23: 2 | F23: 00 | G23: 41110 | H23: 120 | I23: ='Приложение 2'!J23 -> 843.5 | J23: ='Приложение 2'!K23 -> 716.1 | K23: ='Приложение 2'!L23 -> 716.1
A24: ='Приложение 2'!A24 -> Расходы на обеспечение выполнения функций органов местного самоуправления | B24: 01 | C24: 04 | D24: 65 | E24: 2 | F24: 00 | G24: 41120 | I24: =+I25+I27 -> 265.5 | J24: =+J25+J27 -> 72.2 | K24: =+K25+K27 -> 77.2
A25: Закупка товаров, работ и услуг для обеспечения государственных (муниципальных) нужд | B25: 01 | C25: 04 | D25: 65 | E25: 2 | F25: 00 | G25: 41120 | H25: 200 | I25: =I26 -> 265.4 | J25: =J26 -> 70.2 | K25: =K26 -> 75.2
A26: Иные закупки товаров, работ и услуг для обеспечения государственных (муниципальных) нужд | B26: 01 | C26: 04 | D26: 65 | E26: 2 | F26: 00 | G26: 41120 | H26: 240 | I26: ='Приложение 2'!J26 -> 265.4 | J26: ='Приложение 2'!K26 -> 70.2 | K26: ='Приложение 2'!L26 -> 75.2
A27: Иные бюджетные ассигнования | B27: 01 | C27: 04 | D27: 65 | E27: 2 | F27: 00 | G27: 41120 | H27: 800 | I27: =I28 -> 0.1 | J27: =J28 -> 2 | K27: =K28 -> 2
A28: Уплата налогов, сборов и иных платежей | B28: 01 | C28: 04 | D28: 65 | E28: 2 | F28: 00 | G28: 41120 | H28: 850 | I28: ='Приложение 2'!J28 -> 0.1 | J28: ='Приложение 2'!K28 -> 2 | K28: ='Приложение 2'!L28 -> 2
A29: ='Приложение 2'!A29 -> Субсидии на со финансирование расходных обязательств по финансовому обеспечению деятельности органов местного самоуправления и муниципальных учреждений | B29: 01 | C29: 04 | D29: 65 | E29: 2 | F29: 00 | G29: 44205 | I29: =I30 -> 179.4
A30: ='Приложение 2'!A30 -> Расходы на выплаты персоналу в целях обеспечения выполнения функций государственными (муниципальными) органами, казенными учреждениями, органами управления государственными внебюджетными фондами | B30: 01 | C30: 04 | D30: 65 | E30: 2 | F30: 00 | G30: 44205 | H30: 100 | I30: =I31 -> 179.4
A31: ='Приложение 2'!A31 -> Расходы на выплаты персоналу государственных (муниципальных) органов | B31: 01 | C31: 04 | D31: 65 | E31: 2 | F31: 00 | G31: 44205 | H31: 120 | I31: ='Приложение 2'!J31 -> 179.4
A32: Непрограммные расходы главных распорядителей средств бюджета Трофимовщинского сельского поселения Ромодановского муниципального района Республики Мордовия | B32: 01 | C32: 04 | D32: 89 | I32: =I33 -> 0.6 | J32: =J33 -> 0.6 | K32: =K33 -> 0.7
A33: ='Приложение 2'!A33 -> Непрограммные расходы в рамках обеспечения деятельности главных распорядителей средств бюджета Трофимовщинского сельского поселения Ромодановского муниципального района Республики Мордовия | B33: 01 | C33: 04 | D33: 89 | E33: 1 | I33: =I34 -> 0.6 | J33: =J34 -> 0.6 | K33: =K34 -> 0.7
A34: Осуществление государственных полномочий Республики Мордовия по определению перечня должностных лиц, уполномоченных составлять протоколы об административных правонарушениях, предусмотренных Законом Республики Мордовия от 15 июня 2015 года № 38-З "Об административной ответственности на территории Республики Мордовия" | B34: 01 | C34: 04 | D34: 89 | E34: 1 | F34: 00 | G34: 77150 | I34: =I35 -> 0.6 | J34: =J35 -> 0.6 | K34: =K35 -> 0.7
A35: Закупка товаров, работ и услуг для обеспечения государственных (муниципальных) нужд | B35: 01 | C35: 04 | D35: 89 | E35: 1 | F35: 00 | G35: 77150 | H35: 200 | I35: =I36 -> 0.6 | J35: =J36 -> 0.6 | K35: =K36 -> 0.7
A36: Иные закупки товаров, работ и услуг для обеспечения государственных (муниципальных) нужд | B36: 01 | C36: 04 | D36: 89 | E36: 1 | F36: 00 | G36: 77150 | H36: 240 | I36: ='Приложение 2'!J36 -> 0.6 | J36: ='Приложение 2'!K36 -> 0.6 | K36: ='Приложение 2'!L36 -> 0.7
A37: Резервные фонды | B37: 01 | C37: 11 | I37: =I38 -> 5 | J37: =J38 -> 5 | K37: =K38 -> 5
A38: =A32 -> Непрограммные расходы главных распорядителей средств бюджета Трофимовщинского сельского поселения Ромодановского муниципального района Республики Мордовия | B38: 01 | C38: 11 | D38: 89 | I38: =I39 -> 5 | J38: =J39 -> 5 | K38: =K39 -> 5
A39: ='Приложение 2'!A39 -> Непрограммные расходы в рамках обеспечения деятельности главных распорядителей средств бюджета Трофимовщинского сельского поселения Ромодановского муниципального района Республики Мордовия | B39: 01 | C39: 11 | D39: 89 | E39: 1 | I39: =I40 -> 5 | J39: =J40 -> 5 | K39: =K40 -> 5
A40: ='Приложение 2'!A40 -> Резервный фонд администрации Трофимовщинского сельского поселени Ромодановского муниципального района Республики Мордовия | B40: 01 | C40: 11 | D40: 89 | E40: 1 | F40: 00 | G40: 41180 | I40: =I42 -> 5 | J40: =J42 -> 5 | K40: =K42 -> 5
A41: Иные бюджетные ассигнования | B41: 01 | C41: 11 | D41: 89 | E41: 1 | F41: 00 | G41: 41180 | H41: 800 | I41: =I42 -> 5 | J41: =J42 -> 5 | K41: =K42 -> 5
A42: Резервные средства | B42: 01 | C42: 11 | D42: 89 | E42: 1 | F42: 00 | G42: 41180 | H42: 870 | I42: ='Приложение 2'!J42 -> 5 | J42: ='Приложение 2'!K42 -> 5 | K42: ='Приложение 2'!L42 -> 5
A43: ='Приложение 2'!A43 -> Другие общегосударственные вопросы | B43: 01 | C43: 13 | I43: =I44 -> 18
A44: ='Приложение 2'!A44 -> Непрограммные расходы главных распорядителей средств бюджета Трофимовщинского сельского поселения Ромодановского муниципального района Республики Мордовия | B44: 01 | C44: 13 | D44: 89 | I44: =I45 -> 18
A45: ='Приложение 2'!A45 -> Непрограммные расходы в рамках обеспечения деятельности главных распорядителей средств бюджета Трофимовщинского сельского поселения Ромодановского муниципального района Республики Мордовия | B45: 01 | C45: 13 | D45: 89 | E45: 1 | I45: =I46 -> 18
A46: ='Приложение 2'!A46 -> Мероприятия связанные с муниципальным управлением | B46: 01 | C46: 13 | D46: 89 | E46: 1 | F46: 00 | G46: 41210 | I46: =I47 -> 18
A47: ='Приложение 2'!A47 -> Иные бюджетные ассигнования | B47: 01 | C47: 13 | D47: 89 | E47: 1 | F47: 00 | G47: 41210 | H47: 800 | I47: =I48 -> 18
A48: ='Приложение 2'!A48 -> Уплата налогов, сборов и иных платежей | B48: 01 | C48: 13 | D48: 89 | E48: 1 | F48: 00 | G48: 41210 | H48: 850 | I48: ='Приложение 2'!J48 -> 18
A49: Национальная оборона | B49: 02 | I49: =I50 -> 160.1 | J49: =J50 -> 173.9 | K49: =K50 -> 180.2
A50: Мобилизационная и вневойсковая подготовка | B50: 02 | C50: 03 | I50: =I51 -> 160.1 | J50: =J51 -> 173.9 | K50: =K51 -> 180.2
A51: ='Приложение 2'!A51 -> Непрограммные расходы главных распорядителей средств бюджета Трофимовщинского сельского поселения Ромодановского муниципального района Республики Мордовия | B51: 02 | C51: 03 | D51: 89 | I51: =I52 -> 160.1 | J51: =J52 -> 173.9 | K51: =K52 -> 180.2
A52: ='Приложение 2'!A52 -> Непрограммные расходы в рамках обеспечения деятельности главных распорядителей средств бюджета Трофимовщинского сельского поселения Ромодановского муниципального района Республики Мордовия | B52: 02 | C52: 03 | D52: 89 | E52: 1 | I52: =I53 -> 160.1 | J52: =J53 -> 173.9 | K52: =K53 -> 180.2
A53: ='Приложение 2'!A53 -> Осуществление государственных полномочий Российской Федерации по воинскому учету в поселениях, на территориях которых отсутствуют структурные подразделения военных комиссариатов | B53: 02 | C53: 03 | D53: 89 | E53: 1 | F53: 00 | G53: 51180 | I53: =I56+I54 -> 160.1 | J53: =J56+J54 -> 173.9 | K53: =K56+K54 -> 180.2
A54: Расходы на выплаты персоналу в целях обеспечения выполнения функций государственными (муниципальными) органами, казенными учреждениями, органами управления государственными внебюджетными фондами | B54: 02 | C54: 03 | D54: 89 | E54: 1 | F54: 00 | G54: 51180 | H54: 100 | I54: =I55 -> 157.1 | J54: =J55 -> 169.9 | K54: =K55 -> 176.2
A55: Расходы на выплаты персоналу государственных (муниципальных) органов | B55: 02 | C55: 03 | D55: 89 | E55: 1 | F55: 00 | G55: 51180 | H55: 120 | I55: ='Приложение 2'!J55 -> 157.1 | J55: ='Приложение 2'!K55 -> 169.9 | K55: ='Приложение 2'!L55 -> 176.2
A56: Закупка товаров, работ и услуг для обеспечения государственных (муниципальных) нужд | B56: 02 | C56: 03 | D56: 89 | E56: 1 | F56: 00 | G56: 51180 | H56: 200 | I56: =I57 -> 3 | J56: =J57 -> 4 | K56: =K57 -> 4
A57: Иные закупки товаров, работ и услуг для обеспечения государственных (муниципальных) нужд | B57: 02 | C57: 03 | D57: 89 | E57: 1 | F57: 00 | G57: 51180 | H57: 240 | I57: ='Приложение 2'!J57 -> 3 | J57: ='Приложение 2'!K57 -> 4 | K57: ='Приложение 2'!L57 -> 4
A58: Национальная экономика | B58: 04 | I58: =I59+I65 -> 262 | J58: =J59 -> 235 | K58: =K59 -> 245
A59: Дорожное хозяйство (дорожные фонды) | B59: 04 | C59: 09 | I59: =I60 -> 222 | J59: =J60 -> 235 | K59: =K60 -> 245
A60: ='Приложение 2'!A60 -> Муниципальная программа «Комплексного развития транспортной инфраструктуры Трофимовщинского сельского поселения Ромодановского муниципального района Республики Мордовия на 2018- 2030 года" | B60: 04 | C60: 09 | D60: 13 | I60: =I61 -> 222 | J60: =J61 -> 235 | K60: =K61 -> 245
A61: Основное мероприятие "Ремонт и содержание автомобильных дорог общего пользования в границах поселения, поддержание дорожного полотна в работоспособном состоянии" | B61: 04 | C61: 09 | D61: 13 | E61: 0 | F61: 01 | I61: =I62 -> 222 | J61: =J62 -> 235 | K61: =K62 -> 245
A62: ='Приложение 2'!A62 -> Иные межбюджетные трансферты на осуществление полномочий по дорожной деятельности в отношении автомобильных дорог местного значения в границах населенных пунктов поселения и обеспечению безопасности дорожного движения на них, включая создание и обеспечение функционирования парковок (парковочных мест), осуществлению муниципального контроля на автомобильном транспорте, городском наземном электрическом транспорте и в дорожном хозяйстве в границах населенных пунктов поселения, организации дорожного движения, а также осуществлению иных полномочий в области использования автомобильных дорог и осуществления дорожной деятельности в соответствии с законодательством Российской Федерации | B62: 04 | C62: 09 | D62: 13 | E62: 0 | F62: 01 | G62: 9Д184 | I62: =I63 -> 222 | J62: =J63 -> 235 | K62: =K63 -> 245
A63: Закупка товаров, работ и услуг для обеспечения государственных (муниципальных) нужд | B63: 04 | C63: 09 | D63: 13 | E63: 0 | F63: 01 | G63: 9Д184 | H63: 200 | I63: =I64 -> 222 | J63: =J64 -> 235 | K63: =K64 -> 245
A64: Иные закупки товаров, работ и услуг для обеспечения государственных (муниципальных) нужд | B64: 04 | C64: 09 | D64: 13 | E64: 0 | F64: 01 | G64: 9Д184 | H64: 240 | I64: ='Приложение 2'!J64 -> 222 | J64: ='Приложение 2'!K64 -> 235 | K64: ='Приложение 2'!L64 -> 245
A65: ='Приложение 2'!A65 -> Другие вопросы в облости национальной экономики | B65: 04 | C65: 12 | I65: =I66 -> 40
A66: ='Приложение 2'!A66 -> Непрограммные расходы главных распорядителей средств бюджета Трофимовщинского сельского поселения Ромодановского муниципального района Республики Мордовия | B66: 04 | C66: 12 | D66: 89 | I66: =I67 -> 40
A67: ='Приложение 2'!A67 -> Непрограммные расходы в рамках обеспечения деятельности главных распорядителей средств бюджета Трофимовщинского сельского поселения Ромодановского муниципального района Республики Мордовия | B67: 04 | C67: 12 | D67: 89 | E67: 1 | I67: =I68 -> 40
A68: ='Приложение 2'!A68 -> Мероприятия по землеустройству и землепользованию | B68: 04 | C68: 12 | D68: 89 | E68: 1 | F68: 00 | G68: 42370 | I68: =I69 -> 40
A69: ='Приложение 2'!A69 -> Закупка товаров, работ и услуг для обеспечения государственных (муниципальных) нужд | B69: 04 | C69: 12 | D69: 89 | E69: 1 | F69: 00 | G69: 42370 | H69: 200 | I69: =I70 -> 40
A70: ='Приложение 2'!A70 -> Иные закупки товаров, работ и услуг для обеспечения государственных (муниципальных) нужд | B70: 04 | C70: 12 | D70: 89 | E70: 1 | F70: 00 | G70: 42370 | H70: 240 | I70: ='Приложение 2'!J70 -> 40
A71: Жилищно-коммунальное хозяйство | B71: 05 | I71: =I72 -> 0.9 | J71: =J72 -> 34 | K71: =K72 -> 10
A72: Благоустройство | B72: 05 | C72: 03 | I72: =I73 -> 0.9 | J72: =J73 -> 34 | K72: =K73 -> 10
A73: ='Приложение 2'!A73 -> Муниципальная программа комплексного развития социальной инфраструктуры Трофимовщинского сельского поселения Ромодановского муниципального района Республики Мордовия на 2018-2030 года | B73: 05 | C73: 03 | D73: 10 | I73: =I74 -> 0.9 | J73: =J74 -> 34 | K73: =K74 -> 10
A74: ='Приложение 2'!A74 -> Основное мероприятие "Освещение территории сельского поселения " | B74: 05 | C74: 03 | D74: 10 | E74: 0 | F74: 08 | I74: =I75 -> 0.9 | J74: =J75 -> 34 | K74: =K75 -> 10
A75: Уличное освещение | B75: 05 | C75: 03 | D75: 10 | E75: 0 | F75: 08 | G75: 43010 | I75: =I76 -> 0.9 | J75: =J76 -> 34 | K75: =K76 -> 10
A76: Закупка товаров, работ и услуг для обеспечения государственных (муниципальных) нужд | B76: 05 | C76: 03 | D76: 10 | E76: 0 | F76: 08 | G76: 43010 | H76: 200 | I76: =I77 -> 0.9 | J76: =J77 -> 34 | K76: =K77 -> 10
A77: Иные закупки товаров, работ и услуг для обеспечения государственных (муниципальных) нужд | B77: 05 | C77: 03 | D77: 10 | E77: 0 | F77: 08 | G77: 43010 | H77: 240 | I77: ='Приложение 2'!J76 -> 0.9 | J77: ='Приложение 2'!K76 -> 34 | K77: ='Приложение 2'!L76 -> 10
A78: Социальная политика | B78: 10 | I78: =I79 -> 263.2 | J78: =J79 -> 230.7 | K78: =K79 -> 230.7
A79: Пенсионное обеспечение | B79: 10 | C79: 01 | I79: =I80 -> 263.2 | J79: =J80 -> 230.7 | K79: =K80 -> 230.7
A80: =A38 -> Непрограммные расходы главных распорядителей средств бюджета Трофимовщинского сельского поселения Ромодановского муниципального района Республики Мордовия | B80: 10 | C80: 01 | D80: 89 | I80: =I81 -> 263.2 | J80: =J81 -> 230.7 | K80: =K81 -> 230.7
A81: =A33 -> Непрограммные расходы в рамках обеспечения деятельности главных распорядителей средств бюджета Трофимовщинского сельского поселения Ромодановского муниципального района Республики Мордовия | B81: 10 | C81: 01 | D81: 89 | E81: 1 | I81: =I82 -> 263.2 | J81: =J82 -> 230.7 | K81: =K82 -> 230.7
A82: Доплаты к пенсиям муниципальных служащих Республики Мордовия | B82: 10 | C82: 01 | D82: 89 | E82: 1 | F82: 00 | G82: 03010 | I82: =I83 -> 263.2 | J82: =J83 -> 230.7 | K82: =K83 -> 230.7
A83: Социальное обеспечение и иные выплаты населению | B83: 10 | C83: 01 | D83: 89 | E83: 1 | F83: 00 | G83: 03010 | H83: 300 | I83: =I84 -> 263.2 | J83: =J84 -> 230.7 | K83: =K84 -> 230.7
A84: Публичные нормативные социальные выплаты гражданам | B84: 10 | C84: 01 | D84: 89 | E84: 1 | F84: 00 | G84: 03010 | H84: 310 | I84: ='Приложение 2'!J84 -> 263.2 | J84: ='Приложение 2'!K84 -> 230.7 | K84: ='Приложение 2'!L84 -> 230.7
A85: ='Приложение 2'!A85 -> Обслуживание государственного (муниципального)долга | B85: 13 | I85: =I86 -> 1.3 | J85: =J86 -> 1.3 | K85: =K87 -> 1.2
A86: ='Приложение 2'!A86 -> Обслуживание государственного (муниципального)внутреннего долга | B86: 13 | C86: 01 | I86: =I87 -> 1.3 | J86: =J87 -> 1.3 | K86: =K87 -> 1.2
A87: ='Приложение 2'!A87 -> Непрограммные расходы главных распорядителей средств бюджета Трофимовщинского сельского поселения Ромодановского муниципального района Республики Мордовия | B87: 13 | C87: 01 | D87: 89 | I87: =I88 -> 1.3 | J87: =J88 -> 1.3 | K87: =K88 -> 1.2
A88: =A81 -> Непрограммные расходы в рамках обеспечения деятельности главных распорядителей средств бюджета Трофимовщинского сельского поселения Ромодановского муниципального района Республики Мордовия | B88: 13 | C88: 01 | D88: 89 | E88: 1 | I88: =I89 -> 1.3 | J88: =J89 -> 1.3 | K88: =K89 -> 1.2
A89: ='Приложение 2'!A89 -> Процентные платежи по муниципальному долгу | B89: 13 | C89: 01 | D89: 89 | E89: 1 | F89: 00 | G89: 41240 | I89: =I90 -> 1.3 | J89: =J90 -> 1.3 | K89: =K90 -> 1.2
A90: ='Приложение 2'!A90 -> Обслуживание государственного (муниципального)долга | B90: 13 | C90: 01 | D90: 89 | E90: 1 | F90: 00 | G90: 41240 | H90: 700 | I90: =I91 -> 1.3 | J90: =J91 -> 1.3 | K90: =K91 -> 1.2
A91: ='Приложение 2'!A91 -> Обслуживание муниципального долга | B91: 13 | C91: 01 | D91: 89 | E91: 1 | F91: 00 | G91: 41240 | H91: 730 | I91: ='Приложение 2'!J91 -> 1.3 | J91: ='Приложение 2'!K91 -> 1.3 | K91: ='Приложение 2'!L91 -> 1.2
A92: ='Приложение 2'!A93 -> Условно утвержденные расходы | B92: 99 | J92: ='Приложение 2'!K92 -> 43.5 | K92: ='Приложение 2'!L92 -> 87.1
A93: ='Приложение 2'!A93 -> Условно утвержденные расходы | B93: 99 | C93: 99 | J93: ='Приложение 2'!K93 -> 43.5 | K93: ='Приложение 2'!L93 -> 87.1
A94: ='Приложение 2'!A94 -> Обеспечение деятельности Администрации Трофимовщинского сельского поселения Ромодановского муниципального района Республики Мордовия | B94: 99 | C94: 99 | D94: 65 | J94: ='Приложение 2'!K94 -> 43.5 | K94: ='Приложение 2'!L94 -> 87.1
A95: ='Приложение 2'!A95 -> Высшее должностное лицо | B95: 99 | C95: 99 | D95: 65 | E95: 1 | J95: ='Приложение 2'!K95 -> 43.5 | K95: ='Приложение 2'!L95 -> 87.1
A96: ='Приложение 2'!A96 -> Условно утвержденные расходы | B96: 99 | C96: 99 | D96: 65 | E96: 1 | F96: 00 | G96: 41990 | J96: ='Приложение 2'!K96 -> 43.5 | K96: ='Приложение 2'!L96 -> 87.1
A97: ='Приложение 2'!A97 -> Иные бюджетные ассигнования | B97: 99 | C97: 99 | D97: 65 | E97: 1 | F97: 00 | G97: 41990 | H97: 800 | J97: ='Приложение 2'!K97 -> 43.5 | K97: ='Приложение 2'!L97 -> 87.1
A98: ='Приложение 2'!A98 -> Резервные средства | B98: 99 | C98: 99 | D98: 65 | E98: 1 | F98: 00 | G98: 41990 | H98: 870 | J98: ='Приложение 2'!K98 -> 43.5 | K98: ='Приложение 2'!L98 -> 87.1

Sheet Приложение 4
I1: Приложение 4 к решению Совета депутатов Трофимовщинского сельского поселения Ромодановского муниципального района Республики Мордовия «О внесении изменений в решение Совета депутатов Трофимовщинского сельского поселения Ромодановского муниципального района Республики Мордовия от 26 декабря 2024г. №20"О бюджетеТрофимовщинского сельского поселения Ромодановского муниципального района Республики Мордовия на 2025 и на плановый период 2026 и 2027 годов» Приложение5 к решениюСовета депутатов Трофимовщинского сельского поселения Ромодановского муниципального района Республики Мордовия"О бюджете Трофимовщинского сельского поселения Ромодановского муниципального района Республики Мордовия на 2025год и на плановый период 2026 т 2027 годов"
A2: РАСПРЕДЕЛЕНИЕ БЮДЖЕТНЫХ АССИГНОВАНИЙ БЮДЖЕТА ТРОФИМОВЩИНСКОГО СЕЛЬСКОГО ПОСЕЛЕНИЯ РОМОДАНОВСКОГО МУНИЦИПАЛЬНОГО РАЙОНА РЕСПУБЛИКИ МОРДОВИЯ ПО ЦЕЛЕВЫМ СТАТЬЯМ (МУНИЦИПАЛЬНЫМ ПРОГРАММАМ И НЕПРОГРАММНЫМ НАПРАВЛЕНИЯМ ДЕЯТЕЛЬНОСТИ), ГРУППАМ И ПОДГРУППАМ ВИДОВ РАСХОДОВ, РАЗДЕЛАМ И ПОДРАЗДЕЛАМ КЛАССИФИКАЦИИ РАСХОДОВ БЮДЖЕТОВ НА 2025 ГОД И НА ПЛАНОВЫЙ ПЕРИОД 2026 И 2027 ГОДОВ
I3: (тыс. рублей)
A4: Наименование | B4: Цср | F4: ВР | G4: Рз | H4: Прз | I4: Адм | J4: Сумма
J5: 2025 год | K5: 2026 год | L5: 2027 год
A6: 1 | B6: 2 | C6: 3 | D6: 4 | E6: 5 | F6: 6 | G6: 7 | H6: 8 | I6: 9 | J6: 10 | K6: 11 | L6: 12
A7: ВСЕГО | J7: =J16+J8+J24+J68+J82 -> 2649.6 | K7: =K16+K8+K24+K68 -> 1859.4 | L7: =L16+L8+L24+L68 -> 1856.7
A8: ='Приложение 2'!A73 -> Муниципальная программа комплексного развития социальной инфраструктуры Трофимовщинского сельского поселения Ромодановского муниципального района Республики Мордовия на 2018-2030 года | B8: 10 | J8: =J9 -> 0.9 | K8: =K9 -> 34 | L8: =L9 -> 10
A9: Основное мероприятие "Освещение территории сельского поселения " | B9: 10 | C9: 0 | D9: 08 | J9: =J10 -> 0.9 | K9: =K10 -> 34 | L9: =L10 -> 10
A10: Уличное освещение | B10: 10 | C10: 0 | D10: 08 | E10: 43010 | J10: =J11 -> 0.9 | K10: =K11 -> 34 | L10: =L11 -> 10
A11: Закупка товаров, работ и услуг для обеспечения государственных (муниципальных) нужд | B11: 10 | C11: 0 | D11: 08 | E11: 43010 | F11: 200 | J11: =J12 -> 0.9 | K11: =K12 -> 34 | L11: =L12 -> 10
A12: Иные закупки товаров, работ и услуг для обеспечения государственных (муниципальных) нужд | B12: 10 | C12: 0 | D12: 08 | E12: 43010 | F12: 240 | J12: =J13 -> 0.9 | K12: =K13 -> 34 | L12: =L13 -> 10
A13: Жилищно-коммунальное хозяйство | B13: 10 | C13: 0 | D13: 08 | E13: 43010 | F13: 240 | G13: 05 | J13: =J14 -> 0.9 | K13: =K14 -> 34 | L13: =L14 -> 10
A14: Благоустройство | B14: 10 | C14: 0 | D14: 08 | E14: 43010 | F14: 240 | G14: 05 | H14: 03 | J14: =J15 -> 0.9 | K14: =K15 -> 34 | L14: =L15 -> 10
A15: Администрация Трофимовщинского сельского поселения Ромодановского муниципального района Республики Мордовия | B15: 10 | C15: 0 | D15: 08 | E15: 43010 | F15: 240 | G15: 05 | H15: 03 | I15: 924 | J15: ='Приложение 2'!J76 -> 0.9 | K15: ='Приложение 2'!K76 -> 34 | L15: ='Приложение 2'!L76 -> 10
A16: ='Приложение 2'!A60 -> Муниципальная программа «Комплексного развития транспортной инфраструктуры Трофимовщинского сельского поселения Ромодановского муниципального района Республики Мордовия на 2018- 2030 года" | B16: 13 | J16: =J17 -> 222 | K16: =K17 -> 235 | L16: =L17 -> 245
A17: Основное мероприятие "Ремонт и содержание автомобильных дорог общего пользования в границах поселения, поддержание дорожного полотна в работоспособном состоянии" | B17: 13 | C17: 0 | D17: 01 | J17: =J18 -> 222 | K17: =K18 -> 235 | L17: =L18 -> 245
A18: ='Приложение 2'!A62 -> Иные межбюджетные трансферты на осуществление полномочий по дорожной деятельности в отношении автомобильных дорог местного значения в границах населенных пунктов поселения и обеспечению безопасности дорожного движения на них, включая создание и обеспечение функционирования парковок (парковочных мест), осуществлению муниципального контроля на автомобильном транспорте, городском наземном электрическом транспорте и в дорожном хозяйстве в границах населенных пунктов поселения, организации дорожного движения, а также осуществлению иных полномочий в области использования автомобильных дорог и осуществления дорожной деятельности в соответствии с законодательством Российской Федерации | B18: 13 | C18: 0 | D18: 01 | E18: 9Д184 | J18: =J19 -> 222 | K18: =K19 -> 235 | L18: =L19 -> 245
A19: Закупка товаров, работ и услуг для обеспечения государственных (муниципальных) нужд | B19: 13 | C19: 0 | D19: 01 | E19: 9Д184 | F19: 200 | J19: =J20 -> 222 | K19: =K20 -> 235 | L19: =L20 -> 245
A20: Иные закупки товаров, работ и услуг для обеспечения государственных (муниципальных) нужд | B20: 13 | C20: 0 | D20: 01 | E20: 9Д184 | F20: 240 | J20: =J21 -> 222 | K20: =K21 -> 235 | L20: =L21 -> 245
A21: Национальная экономика | B21: 13 | C21: 0 | D21: 01 | E21: 9Д184 | F21: 240 | G21: 04 | J21: =J22 -> 222 | K21: =K22 -> 235 | L21: =L22 -> 245
A22: ='Приложение 2'!A59 -> Дорожное хозяйство (дорожные фонды) | B22: 13 | C22: 0 | D22: 01 | E22: 9Д184 | F22: 240 | G22: 04 | H22: 09 | J22: =J23 -> 222 | K22: =K23 -> 235 | L22: =L23 -> 245
A23: Администрация Трофимовщинского сельского поселения Ромодановского муниципального района Республики Мордовия | B23: 13 | C23: 0 | D23: 01 | E23: 9Д184 | F23: 240 | G23: 04 | H23: 09 | I23: 924 | J23: ='Приложение 2'!J64 -> 222 | K23: ='Приложение 2'!K64 -> 235 | L23: ='Приложение 2'!L64 -> 245
A24: ='Приложение 2'!A19 -> Обеспечение деятельности Администрации Трофимовщинского сельского поселения Ромодановского муниципального района Республики Мордовия | B24: 65 | J24: =J25+J44 -> 1938.5 | K24: =K25+K44 -> 1178.9 | L24: =L25+L44 -> 1183.9
A25: Высшее должностное лицо | B25: 65 | C25: 1 | J25: =J26+J32+J38 -> 650.1 | K25: =K26+K32 -> 390.6 | L25: =L26+L32 -> 390.6
A26: Расходы на выплаты по оплате труда высшего должностного лица | B26: 65 | C26: 1 | D26: 00 | E26: 41150 | J26: =J27 -> 546.6 | K26: =K27 -> 347.1 | L26: =L27 -> 303.5
A27: Расходы на выплаты персоналу в целях обеспечения выполнения функций государственными (муниципальными) органами, казенными учреждениями, органами управления государственными внебюджетными фондами | B27: 65 | C27: 1 | D27: 00 | E27: 41150 | F27: 100 | J27: =J28 -> 546.6 | K27: =K28 -> 347.1 | L27: =L28 -> 303.5
A28: Расходы на выплаты персоналу государственных (муниципальных) органов | B28: 65 | C28: 1 | D28: 00 | E28: 41150 | F28: 120 | J28: =J29 -> 546.6 | K28: =K29 -> 347.1 | L28: =L29 -> 303.5
A29: Общегосударственные вопросы | B29: 65 | C29: 1 | D29: 00 | E29: 41150 | F29: 120 | G29: 01 | J29: =J30 -> 546.6 | K29: =K30 -> 347.1 | L29: =L30 -> 303.5
A30: Функционирование высшего должностного лица субъекта Российской Федерации и муниципального образования | B30: 65 | C30: 1 | D30: 00 | E30: 41150 | F30: 120 | G30: 01 | H30: 02 | J30: =J31 -> 546.6 | K30: =K31 -> 347.1 | L30: =L31 -> 303.5
A31: Администрация Трофимовщинского сельского поселения Ромодановского муниципального района Республики Мордовия | B31: 65 | C31: 1 | D31: 00 | E31: 41150 | F31: 120 | G31: 01 | H31: 02 | I31: 924 | J31: ='Приложение 2'!J14 -> 546.6 | K31: ='Приложение 2'!K14 -> 347.1 | L31: ='Приложение 2'!L14 -> 303.5
A32: ='Приложение 3'!A96 -> Условно утвержденные расходы | B32: 65 | C32: 1 | D32: 00 | E32: 41990 | K32: =K33 -> 43.5 | L32: =L33 -> 87.1
A33: ='Приложение 3'!A97 -> Иные бюджетные ассигнования | B33: 65 | C33: 1 | D33: 00 | E33: 41990 | F33: 800 | K33: =K34 -> 43.5 | L33: =L34 -> 87.1
A34: ='Приложение 3'!A98 -> Резервные средства | B34: 65 | C34: 1 | D34: 00 | E34: 41990 | F34: 870 | K34: =K35 -> 43.5 | L34: =L35 -> 87.1
A35: ='Приложение 3'!A92 -> Условно утвержденные расходы | B35: 65 | C35: 1 | D35: 00 | E35: 41990 | F35: 870 | G35: 99 | K35: =K36 -> 43.5 | L35: =L36 -> 87.1
A36: ='Приложение 3'!A93 -> Условно утвержденные расходы | B36: 65 | C36: 1 | D36: 00 | E36: 41990 | F36: 870 | G36: 99 | H36: 99 | K36: =K37 -> 43.5 | L36: =L37 -> 87.1
A37: Администрация Трофимовщинского сельского поселения Ромодановского муниципального района Республики Мордовия | B37: 65 | C37: 1 | D37: 00 | E37: 41990 | F37: 870 | G37: 99 | H37: 99 | I37: 924 | K37: ='Приложение 3'!J98 -> 43.5 | L37: ='Приложение 3'!K98 -> 87.1
A38: ='Приложение 2'!A15 -> Субсидии на со финансирование расходных обязательств по финансовому обеспечению деятельности органов местного самоуправления и муниципальных учреждений | B38: 65 | C38: 1 | D38: 00 | E38: 44205 | J38: =J39 -> 103.5
A39: ='Приложение 2'!A16 -> Расходы на выплаты персоналу в целях обеспечения выполнения функций государственными (муниципальными) органами, казенными учреждениями, органами управления государственными внебюджетными фондами | B39: 65 | C39: 1 | D39: 00 | E39: 44205 | F39: 100 | J39: =J40 -> 103.5
A40: ='Приложение 2'!A17 -> Расходы на выплаты персоналу государственных (муниципальных) органов | B40: 65 | C40: 1 | D40: 00 | E40: 44205 | F40: 120 | J40: =J41 -> 103.5
A41: =A29 -> Общегосударственные вопросы | B41: 65 | C41: 1 | D41: 00 | E41: 44205 | F41: 120 | G41: 01 | J41: =J42 -> 103.5
A42: =A30 -> Функционирование высшего должностного лица субъекта Российской Федерации и муниципального образования | B42: 65 | C42: 1 | D42: 00 | E42: 44205 | F42: 120 | G42: 01 | H42: 02 | J42: =J43 -> 103.5
A43: =A37 -> Администрация Трофимовщинского сельского поселения Ромодановского муниципального района Республики Мордовия | B43: 65 | C43: 1 | D43: 00 | E43: 44205 | F43: 120 | G43: 01 | H43: 02 | I43: 924 | J43: ='Приложение 2'!J17 -> 103.5
A44: ='Приложение 2'!A20 -> Расходы в рамках обеспечения деятельности Администрации Трофимовщинского сельского поселения | B44: 65 | C44: 2 | J44: =J45+J51+J62 -> 1288.4 | K44: =K45+K51 -> 788.3 | L44: =L45+L51 -> 793.3
A45: Расходы на выплаты по оплате труда работников органов местного самоуправления | B45: 65 | C45: 2 | D45: 00 | E45: 41110 | J45: =J46 -> 843.5 | K45: =K46 -> 716.1 | L45: =L46 -> 716.1
A46: Расходы на выплаты персоналу в целях обеспечения выполнения функций государственными (муниципальными) органами, казенными учреждениями, органами управления государственными внебюджетными фондами | B46: 65 | C46: 2 | D46: 00 | E46: 41110 | F46: 100 | J46: =J47 -> 843.5 | K46: =K47 -> 716.1 | L46: =L47 -> 716.1
A47: Расходы на выплаты персоналу государственных (муниципальных) органов | B47: 65 | C47: 2 | D47: 00 | E47: 41110 | F47: 120 | J47: =J48 -> 843.5 | K47: =K48 -> 716.1 | L47: =L48 -> 716.1
A48: Общегосударственные вопросы | B48: 65 | C48: 2 | D48: 00 | E48: 41110 | F48: 120 | G48: 01 | J48: =J49 -> 843.5 | K48: =K49 -> 716.1 | L48: =L49 -> 716.1
A49: ='Приложение 2'!A18 -> Функционирование Правительства Российской Федерации, высших исполнительных органов субъектов Российской Федерации, местных администраций | B49: 65 | C49: 2 | D49: 00 | E49: 41110 | F49: 120 | G49: 01 | H49: 04 | J49: =J50 -> 843.5 | K49: =K50 -> 716.1 | L49: =L50 -> 716.1
A50: Администрация Трофимовщинского сельского поселения Ромодановского муниципального района Республики Мордовия | B50: 65 | C50: 2 | D50: 00 | E50: 41110 | F50: 120 | G50: 01 | H50: 04 | I50: 924 | J50: ='Приложение 2'!J23 -> 843.5 | K50: ='Приложение 2'!K23 -> 716.1 | L50: ='Приложение 2'!L23 -> 716.1
A51: ='Приложение 2'!A24 -> Расходы на обеспечение выполнения функций органов местного самоуправления | B51: 65 | C51: 2 | D51: 00 | E51: 41120 | J51: =J52 -> 265.5 | K51: =K52 -> 72.2 | L51: =L52 -> 77.2
A52: Закупка товаров, работ и услуг для обеспечения государственных (муниципальных) нужд | B52: 65 | C52: 2 | D52: 00 | E52: 41120 | F52: 200 | J52: =J53+J57 -> 265.5 | K52: =K53+K57 -> 72.2 | L52: =L53+L57 -> 77.2
A53: Иные закупки товаров, работ и услуг для обеспечения государственных (муниципальных) нужд | B53: 65 | C53: 2 | D53: 00 | E53: 41120 | F53: 240 | J53: =J54 -> 265.4 | K53: =K54 -> 70.2 | L53: =L54 -> 75.2
A54: Общегосударственные вопросы | B54: 65 | C54: 2 | D54: 00 | E54: 41120 | F54: 240 | G54: 01 | J54: =J55 -> 265.4 | K54: =K55 -> 70.2 | L54: =L55 -> 75.2
A55: =A49 -> Функционирование Правительства Российской Федерации, высших исполнительных органов субъектов Российской Федерации, местных администраций | B55: 65 | C55: 2 | D55: 00 | E55: 41120 | F55: 240 | G55: 01 | H55: 04 | J55: =J56 -> 265.4 | K55: =K56 -> 70.2 | L55: =L56 -> 75.2
A56: Администрация Трофимовщинского сельского поселения Ромодановского муниципального района Республики Мордовия | B56: 65 | C56: 2 | D56: 00 | E56: 41120 | F56: 240 | G56: 01 | H56: 04 | I56: 924 | J56: ='Приложение 2'!J26 -> 265.4 | K56: ='Приложение 2'!K26 -> 70.2 | L56: ='Приложение 2'!L26 -> 75.2
A57: Иные бюджетные ассигнования | B57: 65 | C57: 2 | D57: 00 | E57: 41120 | F57: 800 | J57: =J58 -> 0.1 | K57: =K58 -> 2 | L57: =L58 -> 2
A58: Уплата налогов, сборов и иных платежей | B58: 65 | C58: 2 | D58: 00 | E58: 41120 | F58: 850 | J58: =J59 -> 0.1 | K58: =K59 -> 2 | L58: =L59 -> 2
A59: Общегосударственные вопросы | B59: 65 | C59: 2 | D59: 00 | E59: 41120 | F59: 850 | G59: 01 | J59: =J60 -> 0.1 | K59: =K60 -> 2 | L59: =L60 -> 2
A60: =A55 -> Функционирование Правительства Российской Федерации, высших исполнительных органов субъектов Российской Федерации, местных администраций | B60: 65 | C60: 2 | D60: 00 | E60: 41120 | F60: 850 | G60: 01 | H60: 04 | J60: =J61 -> 0.1 | K60: =K61 -> 2 | L60: =L61 -> 2
A61: Администрация Трофимовщинского сельского поселения Ромодановского муниципального района Республики Мордовия | B61: 65 | C61: 2 | D61: 00 | E61: 41120 | F61: 850 | G61: 01 | H61: 04 | I61: 924 | J61: ='Приложение 2'!J28 -> 0.1 | K61: ='Приложение 2'!K28 -> 2 | L61: ='Приложение 2'!L28 -> 2
A62: ='Приложение 2'!A29 -> Субсидии на со финансирование расходных обязательств по финансовому обеспечению деятельности органов местного самоуправления и муниципальных учреждений | B62: 65 | C62: 2 | D62: 00 | E62: 44205 | J62: =J63 -> 179.4
A63: ='Приложение 2'!A30 -> Расходы на выплаты персоналу в целях обеспечения выполнения функций государственными (муниципальными) органами, казенными учреждениями, органами управления государственными внебюджетными фондами | B63: 65 | C63: 2 | D63: 00 | E63: 44205 | F63: 100 | J63: =J64 -> 179.4
A64: ='Приложение 2'!A31 -> Расходы на выплаты персоналу государственных (муниципальных) органов | B64: 65 | C64: 2 | D64: 00 | E64: 44205 | F64: 120 | J64: =J65 -> 179.4
A65: =A59 -> Общегосударственные вопросы | B65: 65 | C65: 2 | D65: 00 | E65: 44205 | F65: 120 | G65: 01 | J65: =J66 -> 179.4
A66: =A60 -> Функционирование Правительства Российской Федерации, высших исполнительных органов субъектов Российской Федерации, местных администраций | B66: 65 | C66: 2 | D66: 00 | E66: 44205 | F66: 120 | G66: 01 | H66: 04 | J66: =J67 -> 179.4
A67: =A61 -> Администрация Трофимовщинского сельского поселения Ромодановского муниципального района Республики Мордовия | B67: 65 | C67: 2 | D67: 00 | E67: 44205 | F67: 120 | G67: 01 | H67: 04 | I67: 924 | J67: ='Приложение 2'!J31 -> 179.4
A68: Непрограммные расходы главных распорядителей средств бюджета Ромодановского муниципального района Республики Мордовия | B68: 89 | J68: =J69 -> 470.2 | K68: =K69 -> 411.5 | L68: =L69 -> 417.8
A69: Непрограммные расходы в рамках обеспечения деятельности главных распорядителей средств бюджета Ромодановского муниципального района Республики Мордовия | B69: 89 | C69: 1 | J69: =J70+J76+J111+J88+J100+J94 -> 470.2 | K69: =K70+K76+K111+K88+K100 -> 411.5 | L69: =L70+L76+L111+L88+L100 -> 417.8
A70: ='Приложение 2'!A82 -> Доплаты к пенсиям муниципальных служащих Республики Мордовия | B70: 89 | C70: 1 | D70: 00 | E70: 03010 | J70: =J71 -> 263.2 | K70: =K71 -> 230.7 | L70: =L71 -> 230.7
A71: ='Приложение 2'!A83 -> Социальное обеспечение и иные выплаты населению | B71: 89 | C71: 1 | D71: 00 | E71: 03010 | F71: 300 | J71: =J72 -> 263.2 | K71: =K72 -> 230.7 | L71: =L72 -> 230.7
A72: ='Приложение 2'!A84 -> Публичные нормативные социальные выплаты гражданам | B72: 89 | C72: 1 | D72: 00 | E72: 03010 | F72: 310 | J72: =J73 -> 263.2 | K72: =K73 -> 230.7 | L72: =L73 -> 230.7
A73: ='Приложение 2'!A78 -> Социальная политика | B73: 89 | C73: 1 | D73: 00 | E73: 03010 | F73: 310 | G73: 10 | J73: =J74 -> 263.2 | K73: =K74 -> 230.7 | L73: =L74 -> 230.7
A74: ='Приложение 2'!A79 -> Пенсионное обеспечение | B74: 89 | C74: 1 | D74: 00 | E74: 03010 | F74: 310 | G74: 10 | H74: 01 | J74: =J75 -> 263.2 | K74: =K75 -> 230.7 | L74: =L75 -> 230.7
A75: =A61 -> Администрация Трофимовщинского сельского поселения Ромодановского муниципального района Республики Мордовия | B75: 89 | C75: 1 | D75: 00 | E75: 03010 | F75: 310 | G75: 10 | H75: 01 | I75: 924 | J75: ='Приложение 2'!J84 -> 263.2 | K75: ='Приложение 2'!K84 -> 230.7 | L75: ='Приложение 2'!L84 -> 230.7
A76: ='Приложение 2'!A40 -> Резервный фонд администрации Трофимовщинского сельского поселени Ромодановского муниципального района Республики Мордовия | B76: 89 | C76: 1 | D76: 00 | E76: 41180 | J76: =J77 -> 5 | K76: =K77 -> 5 | L76: =L77 -> 5
A77: ='Приложение 2'!A41 -> Иные бюджетные ассигнования | B77: 89 | C77: 1 | D77: 00 | E77: 41180 | F77: 800 | J77: =J78 -> 5 | K77: =K78 -> 5 | L77: =L78 -> 5
A78: ='Приложение 2'!A42 -> Резервные средства | B78: 89 | C78: 1 | D78: 00 | E78: 41180 | F78: 870 | J78: =J79 -> 5 | K78: =K79 -> 5 | L78: =L79 -> 5
A79: ='Приложение 2'!A8 -> Общегосударственные вопросы | B79: 89 | C79: 1 | D79: 00 | E79: 41180 | F79: 870 | G79: 01 | J79: =J80 -> 5 | K79: =K80 -> 5 | L79: =L80 -> 5
A80: ='Приложение 2'!A37 -> Резервные фонды | B80: 89 | C80: 1 | D80: 00 | E80: 41180 | F80: 870 | G80: 01 | H80: 11 | J80: =J81 -> 5 | K80: =K81 -> 5 | L80: =L81 -> 5
A81: =A75 -> Администрация Трофимовщинского сельского поселения Ромодановского муниципального района Республики Мордовия | B81: 89 | C81: 1 | D81: 00 | E81: 41180 | F81: 870 | G81: 01 | H81: 11 | I81: 924 | J81: ='Приложение 2'!J42 -> 5 | K81: ='Приложение 2'!K42 -> 5 | L81: ='Приложение 2'!L42 -> 5
A82: ='Приложение 2'!A46 -> Мероприятия связанные с муниципальным управлением | B82: 89 | C82: 1 | D82: 00 | E82: 41210 | J82: =J83 -> 18
A83: ='Приложение 2'!A47 -> Иные бюджетные ассигнования | B83: 89 | C83: 1 | D83: 00 | E83: 41210 | F83: 800 | J83: =J84 -> 18
A84: ='Приложение 2'!A48 -> Уплата налогов, сборов и иных платежей | B84: 89 | C84: 1 | D84: 00 | E84: 41210 | F84: 850 | J84: =J85 -> 18
A85: =A79 -> Общегосударственные вопросы | B85: 89 | C85: 1 | D85: 00 | E85: 41210 | F85: 850 | G85: 01 | J85: =J86 -> 18
A86: ='Приложение 2'!A43 -> Другие общегосударственные вопросы | B86: 89 | C86: 1 | D86: 00 | E86: 41210 | F86: 850 | G86: 01 | H86: 13 | J86: =J87 -> 18
A87: =A81 -> Администрация Трофимовщинского сельского поселения Ромодановского муниципального района Республики Мордовия | B87: 89 | C87: 1 | D87: 00 | E87: 41210 | F87: 850 | G87: 01 | H87: 13 | I87: 924 | J87: ='Приложение 2'!J48 -> 18
A88: ='Приложение 2'!A89 -> Процентные платежи по муниципальному долгу | B88: 89 | C88: 1 | D88: 00 | E88: 41240 | J88: =J89 -> 1.3 | K88: =K89 -> 1.3 | L88: =L89 -> 1.2
A89: ='Приложение 2'!A90 -> Обслуживание государственного (муниципального)долга | B89: 89 | C89: 1 | D89: 00 | E89: 41240 | F89: 700 | J89: =J90 -> 1.3 | K89: =K90 -> 1.3 | L89: =L90 -> 1.2
A90: ='Приложение 2'!A91 -> Обслуживание муниципального долга | B90: 89 | C90: 1 | D90: 00 | E90: 41240 | F90: 730 | J90: =J91 -> 1.3 | K90: =K91 -> 1.3 | L90: =L91 -> 1.2
A91: ='Приложение 4'!A79 -> Общегосударственные вопросы | B91: 89 | C91: 1 | D91: 00 | E91: 41240 | F91: 730 | G91: 01 | J91: =J92 -> 1.3 | K91: =K92 -> 1.3 | L91: =L92 -> 1.2
A92: ='Приложение 2'!A86 -> Обслуживание государственного (муниципального)внутреннего долга | B92: 89 | C92: 1 | D92: 00 | E92: 41240 | F92: 730 | G92: 01 | H92: 13 | J92: =J93 -> 1.3 | K92: =K93 -> 1.3 | L92: =L93 -> 1.2
A93: =A81 -> Администрация Трофимовщинского сельского поселения Ромодановского муниципального района Республики Мордовия | B93: 89 | C93: 1 | D93: 00 | E93: 41240 | F93: 730 | G93: 01 | H93: 13 | I93: 924 | J93: ='Приложение 2'!J91 -> 1.3 | K93: ='Приложение 2'!K91 -> 1.3 | L93: ='Приложение 2'!L91 -> 1.2
A94: ='Приложение 2'!A68 -> Мероприятия по землеустройству и землепользованию | B94: 89 | C94: 1 | D94: 00 | E94: 42370 | J94: =J95 -> 40
A95: ='Приложение 2'!A69 -> Закупка товаров, работ и услуг для обеспечения государственных (муниципальных) нужд | B95: 89 | C95: 1 | D95: 00 | E95: 42370 | F95: 200 | J95: =J96 -> 40
A96: ='Приложение 2'!A70 -> Иные закупки товаров, работ и услуг для обеспечения государственных (муниципальных) нужд | B96: 89 | C96: 1 | D96: 00 | E96: 42370 | F96: 240 | J96: =J97 -> 40
A97: ='Приложение 2'!A58 -> Национальная экономика | B97: 89 | C97: 1 | D97: 00 | E97: 42370 | F97: 240 | G97: 04 | J97: =J98 -> 40
A98: ='Приложение 2'!A65 -> Другие вопросы в облости национальной экономики | B98: 89 | C98: 1 | D98: 00 | E98: 42370 | F98: 240 | G98: 04 | H98: 12 | J98: =J99 -> 40
A99: =A93 -> Администрация Трофимовщинского сельского поселения Ромодановского муниципального района Республики Мордовия | B99: 89 | C99: 1 | D99: 00 | E99: 42370 | F99: 240 | G99: 04 | H99: 12 | I99: 924 | J99: ='Приложение 2'!J70 -> 40
A100: ='Приложение 2'!A53 -> Осуществление государственных полномочий Российской Федерации по воинскому учету в поселениях, на территориях которых отсутствуют структурные подразделения военных комиссариатов | B100: 89 | C100: 1 | D100: 00 | E100: 51180 | J100: =J101+J106 -> 160.1 | K100: =K101+K106 -> 173.9 | L100: =L101+L106 -> 180.2
...

Sheet прил5
C2: Приложение 5 к решению Совета депутатов Трофимовщинского сельского поселения Ромодановского муниципального района Республики Мордовия «О внесении изменений в решение Совета депутатов Трофимовщинского сельского поселения Ромодановского муниципального района Республики Мордовия от 26 декабря 2024г. №20"О бюджетеТрофимовщинского сельского поселения Ромодановского муниципального района Республики Мордовия на 2025 и на плановый период 2026 и 2027 годов» Приложение 6 к решениюСовета депутатов Трофимовщинского сельского поселения Ромодановского муниципального района Республики Мордовия"О бюджете Трофимовщинского сельского поселения Ромодановского муниципального района Республики Мордовия на 2025год и на плановый период 2026 т 2027 годов"
A3: ИСТОЧНИКИ ВНУТРЕННЕГО ФИНАНСИРОВАНИЯ ДЕФИЦИТА БЮДЖЕТА ТРОФИМОВЩИНСКОГО СЕЛЬСКОГО ПОСЕЛЕНИЯ РОМОДАНОВСКОГО МУНИЦИПАЛЬНОГО РАЙОНА РЕСПУБЛИКИ МОРДОВИЯ НА 2025 ГОД И НА ПЛАНОВЫЙ ПЕРИОД 2026 и 2027 ГОДОВ
A7: Код | B7: Наименование кода группы, подгруппы, статьи, вида источника финансирования дефицитов бюджетов, кода классификации операций сектора государственного управления, относящихся к источникам финансирования дефицитов бюджетов Российской Федерации | C7: Сумма (тыс. руб.)
C8: 2025 год | D8: 2026 год | E8: 2027 год
A9: 1 | B9: 2 | C9: 3 | D9: 4 | E9: 5
A10: 000 01 00 00 00 00 0000 000 | B10: ИСТОЧНИКИ ВНУТРЕННЕГО ФИНАНСИРОВАНИЯ ДЕФИЦИТОВ БЮДЖЕТОВ | C10: =C11+C22+C14+C18 -> -24.3 | D10: =D11+D22+D14+D18 -> -53.4 | E10: =E11+E22+E14+E18 -> -66.8
A11: 000 01 02 00 00 00 0000 000 | B11: Кредиты кредитных организаций в валюте Российской Федерации | C11: =SUM(C12) -> 0 | D11: =SUM(D12) -> 0 | E11: =SUM(E12) -> 0
A12: 000 01 02 00 00 00 0000 700 | B12: Привлечение кредитов от кредитных организаций в валюте Российской Федерации | C12: =SUM(C13) -> 0 | D12: =SUM(D13) -> 0 | E12: =SUM(E13) -> 0
A13: 000 01 02 00 00 05 0000 710 | B13: Привлечение кредитов от кредитных организаций бюджетами муниципальных районов в валюте Российской Федерации
A14: 000 01 03 00 00 00 0000 000 | B14: Бюджетные кредиты из других бюджетов бюджетной системы Российской Федерации | C14: =C15 -> -40.1 | D14: =D15 -> -53.4 | E14: =E15 -> -66.8
A15: 000 01 03 01 00 00 0000 000 | B15: Бюджетные кредиты из других бюджетов бюджетной системы Российской Федерации в валюте Российской Федерации | C15: =C16 -> -40.1 | D15: =D16 -> -53.4 | E15: =E16 -> -66.8
A16: 000 01 03 01 00 00 0000 800 | B16: Погашение бюджетных кредитов, полученных из других бюджетов бюджетной системы Российской Федерации в валюте Российской Федерации | C16: =SUM(C17) -> -40.1 | D16: =SUM(D17) -> -53.4 | E16: =SUM(E17) -> -66.8
A17: 000 01 03 01 00 10 0000 810 | B17: Погашение бюджетами сельских поселений кредитов из других бюджетов бюджетной системы Российской Федерации в валюте Российской Федерации | C17: -40.1 | D17: -53.4 | E17: -66.8
A18: 000 01 06 00 00 00 0000 000 | B18: Иные источники внутреннего финансирования дефицитов бюджетов | C18: =C19 -> 0 | D18: =D19 -> 0 | E18: =E19 -> 0
A19: 000 01 06 05 00 00 0000 000 | B19: Бюджетные кредиты, предоставленные внутри страны в валюте Российской Федерации | C19: =C20 -> 0 | D19: =D20 -> 0 | E19: =E20 -> 0
A20: 000 01 06 05 02 00 0000 600 | B20: Возврат бюджетных кредитов, предоставленных другим бюджетам бюджетной системы Российской Федерации в валюте Российской Федерации | C20: =C21 -> 0 | D20: =D21 -> 0 | E20: =E21 -> 0
A21: 000 01 06 05 02 05 0000 640 | B21: Возврат бюджетных кредитов, предоставленных другим бюджетам бюджетной системы Российской Федерации из бюджетов муниципальных районов в валюте Российской Федерации | C21: 0 | D21: 0 | E21: 0
A22: 000 01 05 00 00 00 0000 000 | B22: Изменения остатков средств на счетах по учету средств бюджета | C22: =C23+C26 -> 15.8 | D22: =D23+D26 -> 0 | E22: =E23+E26 -> 0
A23: 000 01 05 02 00 00 0000 500 | B23: Увеличение прочих остатков средств бюджетов | C23: =SUM(C24) -> -2673.9 | D23: =SUM(D24) -> -1912.8 | E23: =SUM(E24) -> -1923.5
A24: 000 01 05 02 01 00 0000 510 | B24: Увеличение прочих остатков денежных средств бюджетов | C24: =SUM(C25) -> -2673.9 | D24: =SUM(D25) -> -1912.8 | E24: =SUM(E25) -> -1923.5
A25: 000 01 05 02 01 10 0000 510 | B25: Увеличение прочих остатков денежных средств бюджетов сельских поселений | C25: -2673.9 | D25: -1912.8 | E25: -1923.5
A26: 000 01 05 02 00 00 0000 600 | B26: Уменьшение прочих остатков средств бюджетов | C26: =SUM(C27) -> 2689.7 | D26: =SUM(D27) -> 1912.8 | E26: =SUM(E27) -> 1923.5
A27: 000 01 05 02 01 00 0000 610 | B27: Уменьшение прочих остатков денежных средств бюджетов | C27: =SUM(C28) -> 2689.7 | D27: =SUM(D28) -> 1912.8 | E27: =SUM(E28) -> 1923.5
A28: 000 01 05 02 01 05 0000 610 | B28: Уменьшение прочих остатков денежных средств бюджетов муниципальных районов | C28: 2689.7 | D28: 1912.8 | E28: 1923.5
A29: 000 01 00 00 00 00 0000 000 | B29: Итого источников внутреннего финансирования дефицита бюджета Трофимовщинского сельского поселения Ромодановского муниципального района Республики Мордовия | C29: 0 | D29: 0 | E29: 0
B30: собственные доходы | C30: 963.7 | D30: 883.1 | E30: 905.2

Sheet прил6
D3: Приложение 6 к решению Совета депутатов Трофимовщинского сельского поселения Ромодановского муниципального района Республики Мордовия «О внесении изменений в решение Совета депутатов Трофимовщинского сельского поселения Ромодановского муниципального района Республики Мордовия от 26 декабря 2024г. №20"О бюджетеТрофимовщинского сельского поселения Ромодановского муниципального района Республики Мордовия на 2025 и на плановый период 2026 и 2027 годов» Приложение7 к решениюСовета депутатов Трофимовщинского сельского поселения Ромодановского муниципального района Республики Мордовия"О бюджете Трофимовщинского сельского поселения Ромодановского муниципального района Республики Мордовия на 2025год и на плановый период 2026 т 2027 годов"
A4: ПРОГРАММА МУНИЦИПАЛЬНЫХ ВНУТРЕННИХ ЗАИМСТВОВАНИЙ ТРОФИМОВЩИНСКОГО СЕЛЬСКОГО ПОСЕЛЕНИЯ РОМОДАНОВСКОГО МУНИЦИПАЛЬНОГО РАЙОНА РЕСПУБЛИКИ МОРДОВИЯ НА 2025 ГОД И НА ПЛАНОВЫЙ ПЕРИОД 2026 И 2027 ГОДОВ
A8: № п/п | B8: ВИДЫ ЗАИМСТВОВАНИЙ | C8: Сумма (тыс. рублей)
C9: 2025 год | D9: 2026 год | E9: 2027 год
A10: 1 | B10: 2 | C10: 3 | D10: 4 | E10: 5
A11: I | B11: Кредиты кредитных организаций в валюте Российской Федерации | C11: =C13 -> 0 | D11: =D13 -> 0 | E11: =E13 -> 0
B12: в том числе
A13: 1 | B13: Объем привлечения
A14: 2 | B14: Объем средств, направляемых на погашение основной суммы долга
A15: 11 | B15: Бюджетные кредиты от других бюджетов бюджетной системы Российской Федерации | C15: =C18 -> -40.1 | D15: =D18 -> -53.4 | E15: =E18 -> -66.8
B16: в том числе
A17: 1 | B17: Объем привлечения
A18: 2 | B18: Объем средств, направляемых на погашение основной суммы долга | C18: =прил5!C17 -> -40.1 | D18: =прил5!D17 -> -53.4 | E18: =прил5!E17 -> -66.8
B19: ВСЕГО | C19: =C13+C18 -> -40.1 | D19: =D13+D18 -> -53.4 | E19: =E13+E18 -> -66.8
